 Dungeon Crawl Stone Soup version 0.20.0-10-g0535bb4 (webtiles) character file.

4019 pib the Destroyer (level 10, -4/57 HPs)
             Began as a Deep Elf Conjurer on June 6, 2017.
             Was a Priest of Sif Muna.
             Slain by an orc warrior
             ... wielding a +0 scimitar
              (21 damage)
             ... on level 8 of the Dungeon.
             The game lasted 00:50:22 (10426 turns).

pib the Destroyer (Deep Elf Conjurer)              Turns: 10426, Time: 00:50:23

Health: -4/57      AC:  4    Str:  5    XL:     10   Next: 3%
Magic:  11/24      EV: 20    Int: 24    God:    Sif Muna [***...]
Gold:   251        SH:  0    Dex: 15    Spells: 15/25 levels left

rFire    + . .     SeeInvis .   B - +1 war axe (venom)
rCold    . . .     Gourm    .   (no shield)
rNeg     . . .     Faith    .   a - +0 robe
rPois    .         Spirit   .   (no helmet)
rElec    .         Reflect  .   (no cloak)
rCorr    .         Harm     .   m - +0 pair of gloves
MR       +....                  k - +0 pair of boots
Stlth    +++.......             (no amulet)
Regen    0.2/turn               J - ring of protection from fire
MPRegen  0.2/turn               i - +4 ring of evasion

@: divine energy
A: no striking features
a: Stop Divine Energy, Channel Magic, Renounce Religion


You were on level 8 of the Dungeon.
You worshipped Sif Muna.
Sif Muna was most pleased with you.
You were not hungry.

You visited 1 branch of the dungeon, and saw 8 of its levels.
You also visited: Ossuary.

You collected 448 gold pieces.
You spent 197 gold pieces at shops.

Inventory:

Hand Weapons
 f - a +0 hand axe
 v - a +0 whip of pain
 B - a +1 war axe of venom (weapon)
Armour
 a - a +0 robe (worn)
 k - a +0 pair of boots (worn)
 m - a +0 pair of gloves (worn)
 n - a +0 shield
Jewellery
 g - an uncursed ring of flight
 i - a +4 ring of evasion (right hand)
 s - a +2 ring of strength
 J - a ring of protection from fire (left hand)
Wands
 E - a wand of enslavement (21/24)
 K - a wand of clouds (3/9)
Scrolls
 e - a scroll of identify
 p - 11 scrolls of remove curse
 q - 4 scrolls of recharging {unknown}
 u - 2 scrolls of teleportation
 w - 2 scrolls of fog {unknown}
 y - 2 scrolls of enchant weapon {unknown}
 F - 2 scrolls of amnesia {unknown}
 H - 2 scrolls of magic mapping {unknown}
 I - a scroll of holy word
 N - a scroll of brand weapon {unknown}
Potions
 c - 3 potions of heal wounds {unknown}
 d - 2 potions of brilliance {unknown}
 j - a potion of agility
 l - 2 potions of lignification {unknown}
 r - a potion of cancellation {unknown}
 t - a potion of degeneration {unknown}
 x - 4 potions of haste {unknown}
 z - a potion of might {unknown}
 A - a potion of mutation {unknown}
 G - 2 potions of invisibility {unknown}
 L - 2 potions of curing
Books
 b - a book of Conjurations

   Spells                             Type                      Level
   a - Magic Dart                     Conjuration                  1
   b - Searing Ray                    Conjuration                  2
   c - Dazzling Spray                 Conjuration/Hexes            3
   d - Fulminant Prism                Conjuration/Hexes            4
   e - Force Lance                    Conjuration/Translocation    4
   f - Iskenderun's Mystic Blast      Conjuration                  4
 M - a book of Frost

   Spells                             Type                      Level
   a - Freeze                         Ice                          1
   b - Throw Frost                    Conjuration/Ice              2
   c - Ozocubu's Armour               Charms/Ice                   3
   d - Throw Icicle                   Conjuration/Ice              4
   e - Summon Ice Beast               Ice/Summoning                4
Comestibles
 h - 2 meat rations
 o - 2 fruits
 C - 2 royal jellies
 D - 3 bread rations
 O - a chunk of flesh


   Skills:
 + Level 4.2 Fighting
 + Level 6.6 Dodging
 + Level 6.9 Stealth
 - Level 8.1 Spellcasting
 - Level 9.4 Conjurations
 - Level 8.0 Hexes


You had 15 spell levels left.
You knew the following spells:

 Your Spells              Type           Power        Failure   Level  Hunger
a - Magic Dart            Conj           ####         1%          1    None
b - Searing Ray           Conj           ######       1%          2    None
c - Dazzling Spray        Conj/Hex       ######       1%          3    None
d - Fulminant Prism       Conj/Hex       ######....   1%          4    ##.....


Dungeon Overview and Level Annotations

Branches:
Dungeon (8/15)             Temple (0/1) D:5
   Lair: D:8-11

Altars:
Fedhas
Gozag
Hepliaklqana
Kikubaaqudgha
Makhleb
Nemelex Xobeh
Sif Muna
Trog
Uskayaw
Xom
Zin
The Shining One

Shops:
D:7 **}?*[   D:8 (

Annotations:
D:2 Robin, Sigmund


Message History

The orc warrior hits you with a scimitar!
Casting: Magic Dart
Confirm with . or Enter, or press ? or * to list all spells.
Aiming: Searing Ray
Press: ? - help, Shift-Dir - straight line, p - orc warrior The searing ray hits the orc warrior.
The orc warrior is lightly wounded. (Press . to maintain the ray.)
The orc warrior hits you with a scimitar!
The searing ray misses the orc warrior.
The orc warrior hits you with a scimitar!
The searing ray hits the orc warrior.
The orc warrior is heavily wounded.
The orc warrior hits you with a scimitar!
* * * LOW HITPOINT WARNING * * *
The searing ray hits the orc warrior.
The orc warrior is severely wounded.
You finish channeling your searing ray.
The orc warrior hits you with a scimitar!!
You die...

.......## ##........# #.##......
........####...##.##.###.........
........'........................
....[...####...##.##.#####......#
.......## ##..#..##.# ##.#...#
#.....## ##.#.###.# ######.##
##<.^## #.#.###.# ##.## #.# ##'##
#.......###.#.###.# #.#
###@######.###....# ###.#### #o#
##.#.##### #......# #.#
##.####### .....#.# #.#
##.#...... #......# #o#
##....##### .....#.###### #)#
#.###.##### #....#.....oo .)# #.#
#.....# #......### ###
#.###.###.. #......# ##....# ###


You could see an orc warrior and an orc.

Vanquished Creatures
  A two-headed ogre (D:8)
  The ghost of DogShitOnMyToe the Carver, a novice VSFi of Makhleb (D:8)
  A wyvern (D:8)
  An ice beast (D:6)
  2 phantoms (D:6)
  An orc warrior (D:6)
  2 ogres
  2 centaurs
  4 bullfrogs
  An elf zombie (Ossuary)
  5 scorpions
  A wyvern skeleton (D:8)
  2 killer bees
  4 howler monkeys
  A crimson imp (D:5)
  A bullfrog zombie (D:6)
  2 quasits
  2 centaur zombies (Ossuary)
  A hound (D:5)
  A jelly (D:8)
  2 human zombies (Ossuary)
  A centaur skeleton (D:4)
  7 orc priests
  4 orc wizards
  Terence (D:2)
  4 iguanas
  3 worker ants
  3 big kobold zombies (Ossuary)
  A hound skeleton (D:8)
  3 mummies (Ossuary)
  2 worker ant zombies
  A howler monkey zombie (D:8)
  4 gnolls (D:3)
  8 adders
  A shadow imp (D:5)
  An ooze (D:3)
  6 adder zombies (Ossuary)
  2 worms
  3 dart slugs
  3 leopard geckos
  24 orcs
  4 ball pythons
  6 bats
  3 giant cockroaches
  6 goblins
  4 hobgoblins
  9 jackals
  5 quokkas
  6 frilled lizards
  2 gnoll zombies (Ossuary)
  6 goblin zombies (Ossuary)
  A hobgoblin zombie (Ossuary)
  A jackal skeleton (D:4)
  2 jackal zombies (Ossuary)
  7 kobolds
  2 kobold zombies (Ossuary)
  An orc zombie (Ossuary)
  A quokka skeleton (D:8)
  4 quokka zombies
  11 rats
  2 rat zombies (Ossuary)
  4 fulminant prisms
207 creatures vanquished.

Vanquished Creatures (others)
  8 fulminant prisms
8 creatures vanquished.

Grand Total: 215 creatures vanquished

Notes
Turn   | Place    | Note
-------+----------+-------------------------------------------
     0 | D:1      | pib the Deep Elf Conjurer began the quest for the Orb.
     0 | D:1      | Reached XP level 1. HP: 10/10 MP: 6/6
   207 | D:1      | Reached XP level 2. HP: 15/15 MP: 4/8
   211 | D:1      | Learned a level 2 spell: Searing Ray
   780 | D:2      | Noticed Robin
   790 | D:2      | Reached XP level 3. HP: 19/19 MP: 8/10
   818 | D:2      | Noticed Terence
   830 | D:2      | Killed Terence
   830 | D:2      | Reached skill level 5 in Conjurations
  1065 | D:2      | Found a burning altar of Makhleb.
  1065 | D:2      | Found a glowing silver altar of Zin.
  1066 | D:2      | Noticed an angel
  1066 | D:2      | Noticed a blizzard demon
  1192 | D:3      | Learned a level 3 spell: Dazzling Spray
  1212 | D:3      | Found a hazy altar of Hepliaklqana.
  1259 | D:3      | Reached skill level 1 in Hexes
  1259 | D:3      | Reached XP level 4. HP: 24/24 MP: 8/12
  1437 | D:3      | Found a deep blue altar of Sif Muna.
  1438 | D:3      | Found an ancient bone altar of Kikubaaqudgha.
  1459 | D:3      | Became a worshipper of Sif Muna the Loreminder
  1650 | D:2      | Reached skill level 1 in Fighting
  2047 | D:2      | Reached XP level 5. HP: 29/29 MP: 8/13
  2149 | D:2      | Noticed Sigmund
  2872 | D:3      | Found a blossoming altar of Fedhas.
  3420 | D:4      | Noticed a centaur
  3426 | D:4      | Killed a centaur
  3426 | D:4      | Reached * piety under Sif Muna
  3426 | D:4      | Reached skill level 6 in Conjurations
  3426 | D:4      | Reached XP level 6. HP: 12/34 MP: 4/14
  3432 | D:4      | Learned a level 4 spell: Fulminant Prism
  3582 | D:4      | Reached skill level 5 in Spellcasting
  3826 | D:4      | Found a sand-covered staircase.
  3842 | Ossuary  | Entered an ossuary
  4126 | Ossuary  | Reached skill level 5 in Hexes
  4364 | Ossuary  | Reached XP level 7. HP: 31/39 MP: 0/17
  5458 | D:4      | Found a sparkling altar of Nemelex Xobeh.
  5458 | D:4      | Found a hide-covered altar of Uskayaw.
  5463 | D:4      | Found a glowing golden altar of the Shining One.
  5466 | D:4      | Found a bloodstained altar of Trog.
  5469 | D:4      | Found a shimmering altar of Xom.
  5820 | D:5      | Entered Level 5 of the Dungeon
  5894 | D:5      | Found a staircase to the Ecumenical Temple.
  6464 | D:5      | Reached skill level 5 in Stealth
  6464 | D:5      | Reached XP level 8. HP: 46/46 MP: 10/18
  6523 | D:5      | Reached skill level 5 in Dodging
  7077 | D:6      | Reached skill level 7 in Conjurations
  7219 | D:6      | Reached ** piety under Sif Muna
  7392 | D:6      | Found a glowing golden altar of the Shining One.
  7869 | D:6      | Reached skill level 8 in Conjurations
  7923 | D:7      | Found Tun Sumn's Armour Shoppe.
  7954 | D:7      | Found Zulef's General Store.
  8231 | D:7      | Found Uthuq's Gadget Boutique.
  8256 | D:7      | Found Hailyat's Assorted Antiques.
  8260 | D:7      | Reached XP level 9. HP: 50/50 MP: 12/19
  8427 | D:7      | Found an opulent altar of Gozag.
  8429 | D:7      | Found Gozag's Platinum Reserve.
  8500 | D:7      | Found Awnet's Magic Scroll Boutique.
  8505 | D:7      | Bought a scroll of teleportation for 33 gold pieces
  8505 | D:7      | Bought a scroll of blinking for 82 gold pieces
  8505 | D:7      | Bought a scroll of holy word for 82 gold pieces
  8680 | D:8      | Noticed DogShitOnMyToe's ghost (novice VSFi)
  9148 | D:7      | You fall through a shaft!
  9275 | D:8      | Killed DogShitOnMyToe's ghost
  9275 | D:8      | Reached *** piety under Sif Muna
  9275 | D:8      | Reached skill level 9 in Conjurations
  9719 | D:8      | Noticed a two-headed ogre
  9728 | D:8      | Killed a two-headed ogre
 10102 | D:8      | Reached XP level 10. HP: 39/57 MP: 15/24
 10228 | D:8      | Found Ysson's Weapon Boutique.
 10426 | D:8      | Slain by an orc warrior

Skill      XL: |  1  2  3  4  5  6  7  8  9 |
---------------+----------------------------+-----
Spellcasting   | 4 5 8 |  8.1
Conjurations   | 5 6 8 9 |  9.4
Hexes          | 1 2 3 5 8 |  8.0
Fighting       | 1 3 4 |  4.2
Dodging        | 4 5 6 |  6.6
Stealth        | 5 6 |  6.9

Action                   |  1- 3 |  4- 6 |  7- 9 | 10-12 || total
-------------------------+-------+-------+-------+-------++-------
Melee: Hand axe          |       |     8 |     1 |       ||     9
       War axe           |       |       |    20 |     3 ||    23
 Cast: Magic Dart        |    66 |   133 |   171 |    16 ||   386
       Dazzling Spray    |       |    11 |    33 |     1 ||    45
       Searing Ray       |       |    16 |    49 |     2 ||    67
       Fulminant Prism   |       |       |    11 |     1 ||    12
Invok: Divine Energy     |       |       |     1 |       ||     1
  Use: Scroll            |     1 |     1 |     7 |       ||     9
       Potion            |       |     2 |       |       ||     2
 Stab: Invisible         |       |       |     1 |       ||     1
  Eat: Chunk             |     1 |     4 |    13 |     1 ||    19
       Bread ration      |       |     1 |       |       ||     1
       Meat ration       |       |       |     1 |       ||     1
       Royal jelly       |       |       |     1 |       ||     1
Armor: Robe              |     1 |    10 |     9 |     2 ||    22
Dodge: Dodged            |     7 |    29 |   116 |     5 ||   157
